 Seeded DCSS version 0.32-a0-975-g85d4e5bfdb (webtiles) character file.

Game seed: 202404195 (custom seed)

164945 Orlauf the Fencer (level 17, 0/131 HPs)
             Began as a Demonspawn Gladiator on Apr 19, 2024.
             Was a Priest of Uskayaw.
             Shot with an arrow by a satyr (9 damage)
             ... on level 4 of the Shoals.
             The game lasted 00:48:27 (24955 turns).

Orlauf the Fencer (Demonspawn Gladiator)           Turns: 24955, Time: 00:48:27

Health: 0/131      AC: 37    Str: 26    XL:     17   Next: 7%
Magic:  22/29      EV:  8    Int:  8    God:    Uskayaw [***...]
Gold:   2097       SH: 17    Dex: 18    Spells: 16/16 levels left

rFire   + + .        a - +5 demon blade of Poel {pain, rF+ rC++}
rCold   + + +        Q - +0 kite shield {rC+}
rNeg    . . .        O - +9 plate armour of Makhleb's Inspiration {rF+}
rPois   +            P - +1 helmet
rElec   +            c - +0 cloak {rPois}
rCorr   +            (no gloves)
SInv    +            E - +1 pair of boots "Qagham" {rElec rC+ Regen+ Dex+2}
Will    .....        w - amulet of regeneration Stlth
                     l - ring of see invisible
HPRegen 2.01/turn    h - ring of Joy {+Blink Fly rElec rCorr Str+4}
MPRegen 0.21/turn

%: no passive effects
@: weak-willed, afraid, flying, studying 2 skills
A: yellow scales 2, icemail 1, spiny 3, condensation shield, demonic touch 2
a: Renounce Religion, Evoke Blink, Stomp, Line Pass


You were on level 4 of the Shoals.
You worshipped Uskayaw.
Uskayaw was most pleased with you.
You visited 5 branches of the dungeon, and saw 27 of its levels.
You also visited: Gauntlet and Ice Cave.

You collected 3284 gold pieces.
You spent 1187 gold pieces at shops.

Inventory:

Hand Weapons
 a - the +5 demon blade of Poel (weapon) {pain, rF+ rC++}
   (You acquired it on level 14 of the Dungeon)

   rF+:       It protects you from fire.
   rC++:      It greatly protects you from cold.
 b - a +3 scimitar of flaming
 v - a +5 quick blade of flaming
 K - a +1 long sword of electrocution
Missiles
 d - 5 throwing nets
 x - 13 curare-tipped darts
Armour
 c - a +0 cloak of poison resistance (worn)
 m - the +2 pair of boots "Zinilef" {rPois Dex+2}
   (You found it in a Gauntlet)

   Dex+2:     It affects your dexterity (+2).
   rPois:     It protects you from poison.
 n - a +0 cloak of cold resistance
 B - the +2 pair of boots of the Tsukumogami {Regen+ Dex+4}
   (You found it on level 12 of the Dungeon)

   Dex+4:     It affects your dexterity (+4).
   Regen+:    It increases your rate of health regeneration.
 E - the +1 pair of boots "Qagham" (worn) {rElec rC+ Regen+ Dex+2}
   (You found it in a Gauntlet)

   Dex+2:     It affects your dexterity (+2).
   rC+:       It protects you from cold.
   rElec:     It insulates you from electricity.
   Regen+:    It increases your rate of health regeneration.
 O - the +9 plate armour of Makhleb's Inspiration (worn) {rF+}
   (You found it on level 3 of the Lair of Beasts)

   rF+:       It protects you from fire.
 P - a +1 helmet (worn)
 Q - a +0 kite shield of cold resistance (worn)
Jewellery
 e - a ring of protection from fire
 h - the ring of Joy (right hand) {+Blink Fly rElec rCorr Str+4}
   (You took it off a minotaur in a Gauntlet)

   [ring of flight]

   Str+4:     It affects your strength (+4).
   rElec:     It insulates you from electricity.
   Fly:       It grants you flight.
   +Blink:    It lets you blink.
   rCorr:     It protects you from acid and corrosion.
 l - a ring of see invisible (left hand)
 p - a ring of protection from cold
 w - an amulet of regeneration (around neck)
 A - the amulet "Nofol" {Spirit rCorr Int+2}
   (You found it in a Gauntlet)

   [amulet of guardian spirit]

   Spirit:    It causes incoming damage to be divided between your reserves of
   health and magic.
   Int+2:     It affects your intelligence (+2).
   rCorr:     It protects you from acid and corrosion.
 N - a +5 ring of evasion
 Y - the amulet "Zufreim" {Spirit rF++}
   (You found it in a Gauntlet)

   [amulet of guardian spirit]

   Spirit:    It causes incoming damage to be divided between your reserves of
   health and magic.
   rF++:      It greatly protects you from fire.
Wands
 f - a wand of iceblast (3)
 o - a wand of flame (15) (quivered)
 y - a wand of digging (11)
 C - a wand of mindburst (27)
 V - a wand of light (8)
 Z - a wand of polymorph (5)
Scrolls
 g - 4 scrolls of fog
 q - 8 scrolls of teleportation
 t - 3 scrolls of fear
 u - 4 scrolls of vulnerability
 G - 2 scrolls of amnesia
 M - a scroll of enchant armour
 S - 3 scrolls of identify
 U - a scroll of blinking
Potions
 i - 4 potions of berserk rage
 j - 2 potions of heal wounds
 k - 12 potions of curing
 r - a potion of invisibility
 z - a potion of cancellation
 F - 11 potions of attraction
 H - 2 potions of enlightenment
 J - a potion of might
 L - 2 potions of resistance
 R - a potion of haste
 W - a potion of mutation
 X - a potion of brilliance
Miscellaneous
 s - a phantom mirror
 D - a sack of spiders
 I - a Gell's gravitambourine (2/2)
 T - a tin of tremorstones (2/2)


   Skills:
 - Level 11.3 Fighting
 + Level 17.2 Long Blades
 - Level 1.7 Throwing
 + Level 11.0 Armour
 - Level 5.3 Dodging
 * Level 12.3 Shields
 + Level 5.7 Necromancy
 + Level 17.2 Invocations


You had 16 spell levels left.
You didn't know any spells.
Your spell library contained the following spells:

 Spells                   Type           Power      Damage    Failure   Level
 Necrotise                Necr           36%        1d5       50%         1
 Apportation              Tloc           0%         N/A       99%         1
 Foxfire                  Conj/Fire      0%         2x1d4     99%         1
 Magic Dart               Conj           0%         1d3       99%         1
 Sting                    Conj/Alch      0%         1d3       99%         1
 Summon Small Mammal      Summ           0%         N/A       99%         1
 Cigotuvi's Dreadful Rot  Necr/Alch/Air  6%         N/A       99%         2
 Blink                    Tloc           0%         N/A       100%        2
 Call Imp                 Summ           0%         N/A       100%        2
 Ensorcelled Hibernation  Hex/Ice        0%         N/A       100%        2
 Jinxbite                 Hex            0%         N/A       100%        2
 Mercury Vapours          Alch/Air       0%         N/A       100%        2
 Searing Ray              Conj           0%         2d4       100%        2
 Static Discharge         Conj/Air       0%         3-3/arc   100%        2
 Call Canine Familiar     Summ           0%         N/A       100%        3
 Hailstorm                Conj/Ice       0%         3d5       100%        3
 Passwall                 Erth           0%         N/A       100%        3
 Sigil of Binding         Hex            0%         N/A       100%        3
 Summon Ice Beast         Ice/Summ       0%         N/A       100%        3
 Swiftness                Air            0%         N/A       100%        3
 Teleport Other           Tloc           0%         N/A       100%        3
 Tukima's Dance           Hex            0%         N/A       100%        3
 Volatile Blastmotes      Fire/Tloc      0%         2d10      100%        3
 Airstrike                Air            0%         2d(0-16)  100%        4
 Dimensional Bullseye     Hex/Tloc       0%         N/A       100%        4
 Fulminant Prism          Conj/Alch      0%         3d5       100%        4
 Iskenderun's Mystic Bla Conj/Tloc 0%             2d3        (+2d1     100%        4
 Leda's Liquefaction      Alch/Erth      0%         N/A       100%        4
 Passage of Golubria      Tloc           0%         N/A       100%        4
 Summon Lightning Spire   Summ/Air       0%         N/A       100%        4
 Vhi's Electric Charge    Tloc/Air       0%         N/A       100%        4
 Arcjolt                  Conj/Air       0%         1d10      100%        5
 Freezing Cloud           Conj/Ice/Air   0%         6-21      100%        5
 Lee's Rapid Deconstruct  Erth           0%         3d4*      100%        5
 Summon Forest            Summ/Tloc      0%         N/A       100%        5
 Summon Mana Viper        Hex/Summ       0%         N/A       100%        5
 Yara's Violent Unravell  Hex/Alch       0%         3d3       100%        5
 Dispersal                Tloc           0%         N/A       100%        6
 Gell's Gavotte           Tloc           0%         2d(11-16) 100%        6
 Permafrost Eruption      Ice/Erth       0%         2x4d1     100%        6
 Plasma Beam              Fire/Air       0%         2x1d10    100%        6
 Sculpt Simulacrum        Ice/Alch       0%         N/A       100%        6
 Starburst                Conj/Fire      0%         6d3       100%        6
 Enfeeble                 Hex            0%         N/A       100%        7
 Malign Gateway           Summ/Tloc      0%         N/A       100%        7
 Borgnjor's Revivificati  Necr           4%         N/A       100%        8


Dungeon Overview and Level Annotations

Branches:
Dungeon (15/15)            Temple (1/1) D:7            Lair (5/5) D:11
 Shoals (4/4) Lair:3       Spider (0/4) Lair:2        Slime (0/5) Lair:4
    Orc (2/2) D:9             Elf (0/3) Orc:2        Vaults (0/5) D:14
 Depths (0/4) D:15          IceCv (visited)         Gauntlet (visited)

Altars:
Ashenzari
Cheibriados
Dithmenos
Fedhas
Gozag
Hepliaklqana
Kikubaaqudgha
Makhleb
Nemelex Xobeh
Okawaru
Qazlal
Ru
Sif Muna
Trog
Uskayaw
Vehumet
Wu Jian
Xom
Yredelemnul
Jiyva

Shops:
D:1 :   D:4 (   D:5 (   D:8 :   D:10 (!(   D:11 (*[   D:15 :   Orc:2 [!:(
Shoals:1 [=   Shoals:2 *

Annotations:
D:3 3 runed translucent doors, trashops's ghost, amateur MDFi


Innate Abilities, Weirdness & Mutations

You are mostly covered in yellow scales. (AC +3)
A meltable icy envelope protects you from harm. (AC +4)
You are completely covered in sharp spines.
A meltable shield of frost defends you. (SH +4)
Your touch may inflict irresistible damage on your foes.


Message History

You block the arrow. You block the faun's attack.
Unknown command.
The merfolk impaler hits you with a +0 trident of pain.
You block the merfolk's attack. x2; The satyr shoots an arrow.
The arrow completely misses you.
The arrow hits the merfolk!!
You block the merfolk impaler's attack.
The satyr shoots an arrow.
The arrow hits you but does no damage. The faun is struck by your spines.
The faun hits you but does no damage. The snapping turtle barely misses you.
You see here a harpy corpse.
You barely miss the merfolk.
The merfolk is severely wounded.
The satyr no longer looks unusually strong.
You block the merfolk's attack.
The satyr plays a lulling melody on its pipes!
You fall asleep.
The merfolk hits you but does no damage.
The merfolk impaler completely misses you.
The satyr shoots an arrow.
The arrow hits you but does no damage.
The merfolk impaler hits you with a +0 trident of pain.
You wake up.
The faun gestures at you while chanting.
You resist with significant effort. You block the merfolk's attack.
The merfolk hits you but does no damage.
The satyr shoots an arrow.
You block the arrow. You block the snapping turtle's attack.
The merfolk impaler is struck by your spines.
The merfolk impaler hits you but does no damage.
You writhe in agony.
Uskayaw will force your foes to helplessly watch your dance.
You closely miss the merfolk.
The merfolk is severely wounded.
The satyr shoots an arrow.
The arrow hits you!!
* * * LOW HITPOINT WARNING * * *
You block the faun's attack. You block the merfolk's attack.
The merfolk impaler hits you but does no damage.
You writhe in agony.
* * * LOW HITPOINT WARNING * * *
The satyr shoots an arrow.
The arrow hits you!
You die...
Your body falls in perfect tune with the rhythm.

.. ##≈≈≈≈≈≈≈≈≈
... #.≈≈≈≈≈≈≈≈≈
φ...#P≈≈≈≈≈≈≈≈≈≈≈
....#.≈≈≈≈≈≈≈≈≈≈≈
......~~≈≈≈≈≈≈≈≈≈
.....~~~~~≈≈≈≈≈≈≈
P.P..~c~~~~~~≈≈≈≈
.PP...c)m~~~~~≈≈≈
~.....c@mt~~~~≈≈≈
.......m.<..~~~≈≈
........).)..~~≈≈
..........)..~~~≈
....[..m....~~~~~
.............~~~~
..............~~~
..............~~~
........./.#..~~


You could see 2 merfolk impalers, 2 satyrs, a snapping turtle, 2 merfolk and a
faun (strong).

Vanquished Creatures
  Nikola (Shoals:2)
  Mlioglotl (Shoals:1)
  A kraken (Shoals:1)
  Polyphemus (Shoals:2)
  Frances (Shoals:1)
  A reaper (IceCv)
  A dire elephant (D:15)
  A minotaur (Gauntlet)
  A fire dragon (D:9)
  Josephine (Lair:5)
  9 hydras
  4 ogre magi (Orc:2)
  3 vault guards (D:14)
  18 two-headed ogres
  3 catoblepae
  2 boulder beetles
  A merfolk avatar (Shoals:2)
  3 merfolk aquamancers
  Erica (D:11)
  7 centaur warriors
  3 satyrs
  A tengu warrior (D:15)
  A hell hog (Lair:5)
  An occultist (D:12)
  9 death yaks
  Sonja (D:11)
  A fire crab (Lair:5)
  6 skysharks
  8 sea snakes
  Pikel (D:6)
  3 deep elf pyromancers (D:12)
  6 necromancers
  An orc knight (Orc:2)
  3 arcanists (D:14)
  2 obsidian bats (Orc:1)
  22 harpies
  A faun (Shoals:1)
  7 ugly things
  8 cyclopes
  3 oklob plants
  10 manticores
  3 orc sorcerers
  A salamander (D:15)
  A meliai (Lair:2)
  Maurice (D:8)
  3 merfolk sirens
  13 elephants
  4 kobold blastminers (Orc:2)
  2 slime creatures (D:15)
  2 torpor snails (Lair:5)
  2 water nymphs
  2 ice statues (IceCv)
  6 black mambas
  Maggie (Lair:1)
  13 cane toads
  3 rime drakes (Lair:5)
  A gargoyle (D:11)
  A freezing wraith (IceCv)
  3 komodo dragons
  An anaconda simulacrum (IceCv)
  2 tengu conjurers
  2 efreet
  4 yaktaurs (D:15)
  2 kobold demonologists (D:12)
  7 trolls
  5 ice devils (IceCv)
  3 wind drakes
  A troll (shapeshifter) (D:15)
  9 polar bears (Lair:5)
  11 merfolk
  A tyrant leech (Gauntlet)
  A hornet (D:9)
  2 raiju (Lair:5)
  25 blink frogs
  A glass eye (D:12)
  3 dream sheep (Shoals:3)
  6 snapping turtles
  A centaur simulacrum (D:14)
  4 water elementals
  A spriggan (D:12)
  2 vampires (D:9)
  4 wraiths
  4 wyverns
  A dire elephant simulacrum (IceCv)
  4 shadows
  17 humans (D:14)
  42 yaks
  9 wargs
  6 basilisks
  3 steam dragons
  11 vampire mosquitoes
  4 swamp worms (Gauntlet)
  3 acid dragons
  12 hell hounds (Lair:5)
  14 water moccasins
  2 hydra simulacra (IceCv)
  2 ice beasts
  15 black bears
  5 boggarts
  32 ogres
  15 orc warriors
  25 wolves
  9 centaurs
  A lemure (D:6)
  21 bullfrogs
  3 kobold brigands
  3 gnoll sergeants
  3 two-headed ogre simulacra (IceCv)
  A cane toad simulacrum (IceCv)
  2 scorpions
  23 wights
  An elephant simulacrum (IceCv)
  23 killer bees
  An electric eel (D:6)
  A howler monkey (D:9)
  Crazy Yiuf (D:3)
  5 hounds
  A bombardier beetle (D:5)
  A jelly (D:7)
  11 orc priests
  A gnoll bouda (D:5)
  Jessica (D:2)
  4 sleepcaps
  2 spriggan simulacra (IceCv)
  17 orc wizards
  A polar bear simulacrum (IceCv)
  3 iguanas
  A wolf simulacrum (IceCv)
  Robin (D:3)
  16 gnolls
  9 adders
  5 naga simulacra (IceCv)
  2 shadow imps (D:8)
  A white imp (D:6)
  3 ufetubi
  2 dart slugs (D:1)
  54 orcs
  3 ball pythons
  6 bats
  4 endoplasms
  4 giant cockroaches
  8 hobgoblins
  10 kobolds
  4 quokkas
  5 frilled lizards
  10 goblins
  8 rats
  3 tentacles (Shoals:1)
844 creatures vanquished.

Vanquished Creatures (others)
  A merfolk (Shoals:4)
  A sky beast (D:6)
  9 tentacles (Shoals:1)
11 creatures vanquished.

Grand Total: 855 creatures vanquished

Notes
Turn   | Place    | Note
-------+----------+-------------------------------------------
     0 | D:1      | Orlauf the Demonspawn Gladiator began the quest for the
                  | Orb.
     0 | D:1      | Reached XP level 1. HP: 16/16 MP: 1/1
    96 | D:1      | Gained mutation: Your touch may inflict minor irresistible
                  | damage on your foes. [demonic ancestry]
    96 | D:1      | Reached XP level 2. HP: 22/22 MP: 2/2
   155 | D:1      | Found Byucubby's Vocational Training.
   433 | D:2      | Reached XP level 3. HP: 28/28 MP: 3/3
   723 | D:2      | Noticed Jessica
   730 | D:2      | Killed Jessica
   731 | D:2      | Gained mutation: You are partially covered in yellow
                  | scales. (AC +2) [demonic ancestry]
   731 | D:2      | Reached XP level 4. HP: 32/35 MP: 4/4
  1305 | D:3      | Found a runed translucent gate.
  1325 | D:3      | Found a broken altar of Ashenzari.
  1458 | D:3      | Noticed Robin
  1468 | D:3      | Reached XP level 5. HP: 33/41 MP: 5/5
  1469 | D:3      | Killed Robin
  1516 | D:3      | Found a bloodstained altar of Trog.
  1635 | D:3      | Got the Enchiridion on Brumal Glamour
  1691 | D:3      | Found a faded altar of an unknown god.
  1748 | D:3      | Found a runed translucent gate.
  1749 | D:3      | Found a runed translucent gate.
  1796 | D:3      | Noticed trashops's ghost (amateur MDFi)
  1813 | D:3      | Found a runed translucent door.
  1814 | D:3      | Noticed Crazy Yiuf
  2067 | D:3      | Killed Crazy Yiuf
  2068 | D:3      | Reached skill level 5 in Long Blades
  2382 | D:4      | Found a blossoming altar of Fedhas.
  2384 | D:4      | Found a hazy altar of Hepliaklqana.
  2397 | D:4      | Gained mutation: You are partially covered in sharp spines.
                  | [demonic ancestry]
  2397 | D:4      | Reached XP level 6. HP: 48/48 MP: 6/6
  2418 | D:4      | Found Gily's Antique Weapon Shop.
  2761 | D:4      | Found an ornate altar of the Wu Jian Council.
  2898 | D:5      | Entered Level 5 of the Dungeon
  2927 | D:5      | Reached XP level 7. HP: 38/55 MP: 7/7
  3076 | D:5      | Reached skill level 5 in Fighting
  3107 | D:5      | Found Jebis's Antique Weapon Shoppe.
  3669 | D:5      | Identified a scroll of acquirement
  3669 | D:5      | Acquired 868 gold pieces
  3718 | D:4      | Bought a slimy rapier for 279 gold pieces
  3718 | D:4      | Identified the +5 rapier "Hydraslayer" {holy, rElec} (You
                  | bought it in a shop on level 4 of the Dungeon)
  3718 | D:4      | Bought a runed quick blade for 558 gold pieces
  3762 | D:6      | Reached XP level 8. HP: 50/64 MP: 8/8
  3945 | D:6      | Found a stormy altar of Qazlal.
  4280 | D:6      | Noticed Pikel
  4290 | D:6      | Killed Pikel
  4640 | D:6      | Gained mutation: You are mostly covered in yellow scales.
                  | (AC +3) [demonic ancestry]
  4640 | D:6      | Reached XP level 9. HP: 55/72 MP: 9/9
  5110 | D:7      | Found a staircase to the Ecumenical Temple.
  5116 | Temple   | Entered the Ecumenical Temple
  5145 | Temple   | Became a worshipper of Uskayaw the Reveller
  5189 | D:7      | Reached * piety under Uskayaw
  5191 | D:7      | Reached ** piety under Uskayaw
  5192 | D:7      | Reached skill level 1 in Invocations
  5210 | D:7      | Reached *** piety under Uskayaw
  5212 | D:7      | Reached skill level 10 in Long Blades
  5865 | D:8      | Reached **** piety under Uskayaw
  5866 | D:8      | Reached ***** piety under Uskayaw
  6037 | D:8      | Noticed an angel
  6157 | D:8      | Noticed Maurice
  6167 | D:8      | Killed Maurice
  6270 | D:8      | Noticed a catoblepas
  6279 | D:8      | Killed a catoblepas
  6280 | D:8      | Reached skill level 5 in Invocations
  6280 | D:8      | Reached XP level 10. HP: 37/82 MP: 13/13
  6287 | D:8      | Noticed a manticore
  6289 | D:8      | Noticed a cyclops
  6291 | D:8      | Reached ****** piety under Uskayaw
  6293 | D:8      | Killed a manticore
  6294 | D:8      | Killed a cyclops
  6369 | D:8      | Noticed a two-headed ogre
  6383 | D:8      | Killed a two-headed ogre
  6959 | D:8      | Found Maush's Book Boutique.
  7602 | D:9      | Gained mutation: You are mostly covered in sharp spines.
                  | [demonic ancestry]
  7602 | D:9      | Reached XP level 11. HP: 89/89 MP: 16/16
  7658 | D:9      | Found a snail-covered altar of Cheibriados.
  7801 | D:9      | Found a staircase to the Orcish Mines.
  8319 | D:9      | Paralysed by a hornet for 1 turns
  8583 | D:9      | Reached skill level 10 in Fighting
  8721 | D:9      | Noticed a fire dragon
  8734 | D:9      | Killed a fire dragon
  8963 | D:10     | Entered Level 10 of the Dungeon
  8963 | D:10     | Found a shadowy altar of Dithmenos.
  9243 | D:10     | Noticed a two-headed ogre
  9248 | D:10     | Killed a two-headed ogre
  9334 | D:10     | Found Ruyloiqamn's Weapon Emporium.
  9363 | D:10     | Found Toycoek's Distillery.
  9364 | D:10     | Found Duunabu's Antique Weapon Shoppe.
  9369 | D:10     | Bought 2 potions of heal wounds for 140 gold pieces
  9438 | D:10     | Found a sparkling altar of Nemelex Xobeh.
  9983 | D:11     | Noticed Erica
  9983 | D:11     | Noticed a centaur warrior
 10095 | D:11     | Killed Erica
 10147 | D:11     | Found a staircase to the Lair.
 10158 | D:11     | Reached skill level 10 in Invocations
 10188 | D:11     | Gained mutation: A meltable shield of frost defends you.
                  | (SH +4) [demonic ancestry]
 10188 | D:11     | Reached XP level 12. HP: 30/99 MP: 19/19
 10319 | D:11     | Killed a centaur warrior
 10568 | D:11     | Found Captiqub's Antique Weapon Emporium.
 10587 | D:11     | Found Ebrot's Assorted Antiques.
 10687 | D:11     | Found Cekaibb's Antique Armour Shop.
 10710 | D:11     | Noticed Sonja
 10715 | D:11     | Killed Sonja
 11191 | D:12     | Noticed a two-headed ogre
 11200 | D:12     | Killed a two-headed ogre
 11346 | D:12     | Found a transporter.
 11379 | D:12     | Found a radiant altar of Vehumet.
 11727 | D:12     | Reached skill level 1 in Armour
 11910 | D:12     | Noticed a two-headed ogre
 11918 | D:12     | Killed a two-headed ogre
 12138 | D:12     | Paralysed by an orc sorcerer for 5 turns
 12365 | D:12     | Identified the +2 pair of boots of the Tsukumogami {Regen+
                  | Dex+4}
 12378 | D:12     | Got Ugro's Spellbook of Floating Iniquitous Rites
 12422 | D:12     | Found a transporter.
 12496 | Lair:1   | Entered Level 1 of the Lair of Beasts
 12648 | Lair:1   | Noticed Maggie
 12653 | Lair:1   | Killed Maggie
 12734 | Lair:1   | Gained mutation: You are completely covered in sharp
                  | spines. [demonic ancestry]
 12734 | Lair:1   | Reached XP level 13. HP: 91/106 MP: 21/21
 13265 | Lair:2   | Reached skill level 5 in Armour
 13651 | Lair:2   | Found a hole to the Spider Nest.
 13888 | Lair:3   | Identified the +9 plate armour of Makhleb's Inspiration
                  | {rF+}
 13953 | Lair:3   | Reached skill level 15 in Long Blades
 14067 | Lair:3   | Found a frozen archway.
 14115 | IceCv    | Entered an ice cave
 14205 | IceCv    | Reached skill level 5 in Dodging
 14341 | IceCv    | Noticed a reaper
 14356 | IceCv    | Killed a reaper
 14536 | Lair:3   | Found a staircase to the Shoals.
 14549 | Lair:3   | Reached skill level 1 in Shields
 15726 | Lair:4   | Found a viscous altar of Jiyva.
 15728 | Lair:4   | Found a staircase to the Slime Pits.
 15739 | Lair:4   | Reached XP level 14. HP: 104/113 MP: 24/24
 16033 | Lair:5   | Entered Level 5 of the Lair of Beasts
 16068 | Lair:5   | Noticed Josephine
 16078 | Lair:5   | Killed Josephine
 16145 | Lair:5   | Reached skill level 5 in Shields
 16384 | Lair:5   | Got an earthy gem with 306 turns to spare
 16498 | Lair:5   | Identified the serpent talisman of Ecwereno {rElec SInv}
 17111 | Lair:5   | Gained mutation: Your touch may inflict irresistible damage
                  | on your foes. [demonic ancestry]
 17111 | Lair:5   | Reached XP level 15. HP: 108/119 MP: 26/26
 17630 | D:13     | Got Fuunwimp's Teachings on Companions
 17716 | D:13     | Reached skill level 15 in Invocations
 18640 | D:14     | You fall into a shaft and drop 1 floor!
 18640 | D:15     | Entered Level 15 of the Dungeon
 18640 | D:15     | Found Exusem's Book Shoppe.
 18875 | D:15     | Found a gate leading to a gauntlet.
 18882 | Gauntlet | Entered a Gauntlet
 18882 | Gauntlet | Found a transporter.
 18890 | Gauntlet | Found a transporter.
 18892 | Gauntlet | Found a transporter.
 18900 | Gauntlet | Found a transporter.
 18902 | Gauntlet | Found a transporter.
 18909 | Gauntlet | Found a runed translucent door.
 18912 | Gauntlet | Found a transporter.
 18926 | Gauntlet | Found a transporter.
 18930 | Gauntlet | Found a transporter.
 18942 | Gauntlet | Found a transporter.
 18952 | Gauntlet | Found a transporter.
 18967 | Gauntlet | Found a transporter.
 18975 | Gauntlet | Found a transporter.
 18977 | Gauntlet | Found a transporter.
 19037 | Gauntlet | Found a transporter.
 19258 | Gauntlet | Identified the +3 spear of Mandamus {flame, rElec rC+ Int+3
                  | Stlth+}
 19259 | Gauntlet | Identified the amulet "Zufreim" {Spirit rF++}
 19313 | Gauntlet | Identified the +4 ring mail of Wuem {rF+ Int+6}
 19313 | Gauntlet | Identified the ring of Joy {+Blink Fly rElec rCorr Str+4}
 19338 | Gauntlet | Identified the +1 pair of boots "Qagham" {rElec rC+ Regen+
                  | Dex+2}
 19338 | Gauntlet | Identified the amulet "Nofol" {Spirit rCorr Int+2}
 19338 | Gauntlet | Identified the +2 pair of boots "Zinilef" {rPois Dex+2}
 19776 | D:15     | Found a sacrificial altar of Ru.
 19978 | D:15     | Found a staircase to the Depths.
 20570 | D:14     | Found a gate to the Vaults.
 20937 | D:14     | Identified the +8 plate armour of the Trees {Str+3}
 20938 | D:14     | Acquired the +5 demon blade of Poel {pain, rF+ rC++}
 21118 | Orc:1    | Entered Level 1 of the Orcish Mines
 21158 | Orc:1    | Reached skill level 10 in Shields
 21334 | Orc:2    | Entered Level 2 of the Orcish Mines
 21417 | Orc:2    | Found a bloodstained altar of Trog.
 21417 | Orc:2    | Paralysed by an orc sorcerer for 5 turns
 21452 | Orc:2    | Reached skill level 1 in Necromancy
 21514 | Orc:2    | Found a staircase to the Elven Halls.
 21561 | Orc:2    | Reached skill level 10 in Armour
 21615 | Orc:1    | Reached XP level 16. HP: 125/125 MP: 28/28
 21720 | Orc:2    | Found Tublorgh's Antique Weapon Shop.
 21720 | Orc:2    | Found Ytzidimu's Book Emporium.
 21721 | Orc:2    | Found Cippenag's Distillery.
 21721 | Orc:2    | Found Axzeaduh's Antique Armour Boutique.
 22425 | Shoals:1 | Entered Level 1 of the Shoals
 22583 | Shoals:1 | Found Samiytzu's Jewellery Emporium.
 22585 | Shoals:1 | Found Zebuv's Antique Armour Shoppe.
 22617 | Shoals:1 | Bought a shiny helmet for 210 gold pieces
 22635 | Shoals:1 | Noticed a kraken
 22669 | Shoals:1 | Killed a kraken
 22850 | Shoals:1 | Noticed Mlioglotl
 22867 | Shoals:1 | Killed Mlioglotl
 23309 | Shoals:2 | Found Sapram's Overcharged Wands.
 23316 | Shoals:2 | Noticed Polyphemus
 23334 | Shoals:2 | Killed Polyphemus
 23358 | Shoals:1 | Noticed Frances
 23374 | Shoals:1 | Killed Frances
 23554 | Shoals:2 | Noticed Nikola
 23571 | Shoals:2 | Killed Nikola
 23572 | Shoals:2 | Reached skill level 5 in Necromancy
 24699 | Shoals:3 | Gained mutation: A meltable icy envelope protects you from
                  | harm. (AC +4) [demonic ancestry]
 24699 | Shoals:3 | Reached XP level 17. HP: 125/131 MP: 29/29
 24922 | Shoals:4 | Entered Level 4 of the Shoals
 24955 | Shoals:4 | Shot with an arrow by a satyr

Illustrated notes

Levels and vault maps discovered:
D:1:      dpeg_arrival_ternary, layout_basic, nicolae_shop_vocational
D:2:      minmay_diamond_boxcup, layout_loops_ring, uniq_jessica
D:3:      layout_loops_cross, trog_three_pillars_becter,
          nicolae_ashenzari_skybound, gammafunk_ghost_icy,
          shapermc_ecumenical_altar_mp_ritualfount, roderic_cross_of_infinity,
          uniq_crazy_yiuf_cottage, uniq_robin
D:4:      layout_loops_cross, nzn_wu_jian_council_hall,
          chequers_temple_overflow_statue_of_worship, serial_shops,
          nicolae_shop_hallway_plus, minmay_misc_feat_iff
D:5:      layout_gridville, old_standard_altar, serial_shops, shop,
          st_stairs_10, hellmonk_no_cap
D:6:      layout_basic, grunt_qazlal_clouds, kennysheep_generic_room_16,
          uniq_pikel
D:7:      layout_cave_pools, minmay_temple_entry_hall,
          chequers_serial_rivers_micro_a
D:8:      layout_basic, zin_angel, serial_shops, nicolae_shop_rolling_square,
          nicolae_doodle_vault, uniq_maurice
D:9:      minmay_slanted_spiral_squares, layout_stronghold,
          mainiacjoe_overflow_catwalk, orc_0_dummy, grunt_decor_fettered
D:10:     layout_loops_cross, nicolae_overflow_hidden_temple,
          mainiacjoe_overflow_tiny_flanked, serial_shops, nicolae_stop_n_shop_1,
          nicolae_shop_crystal, shop, serial_bayou_crossing
D:11:     layout_small_grid, due_lair_maze_entry_diamond, serial_shops,
          kennysheep_mini, nicolae_shop_hallway_stairs, nicolae_shop_waterfront,
          uniq_erica, uniq_sonja
D:12:     gammafunk_sealed_library, layout_long_grid, the_hattery
D:13:     layout_grid_maze
D:14:     hangedman_arrow_trap, layout_rooms, grunt_vaults_entry_tiered,
          ebering_dispersal_statue_hall, minmay_curled_crystal,
          hangedman_abyss_or_decor_jellyfish_corner
D:15:     hangedman_depths_entry_try_elsewhere_first, layout_basic,
          serial_shops, nicolae_shop_advertising_works
          [nicolae_subvault_shop_adworks], nicolae_ru_sacrificial_ziggurat,
          gauntlet_entry_generic
Temple:   grunt_temple_mini_profane
Lair:1:   layout_regular_city, chequers_serial_rivers_micro_d, uniq_maggie
Lair:2:   layout_chaotic_city, hellmonk_spider_entry_not_the_bees,
          lemuel_fruit_fields
Lair:3:   layout_regular_city, minmay_shoals_entry_centaurs,
          portal_ice_cave_entry_pillars_1
Lair:4:   layout_hall_layers, minmay_slime_entry_oklob_enclosed,
          beast_lair_carwin_2
Lair:5:   hangedman_lair_caniforms_friends, layout_loops_ring,
          nzn_sisyphean_effort, grunt_megastairs_3, uniq_josephine
Shoals:1: layout_shoals, serial_shops, nicolae_shop_trees,
          minmay_shop_enchanted_jewellery, uniq_frances, uniq_mlioglotl
Shoals:2: layout_shoals, nicolae_shop_overcharged_wands, uniq_polyphemus,
          uniq_nikola
Shoals:3: layout_shoals, nicolae_shoals_circle_sea_wall
Shoals:4: shoals_end_grunt_garden, layout_shoals, shoals_ilsuiw_ice,
          nicolae_shoals_kraken_intersection, uniq_mara
Orc:1:    layout_diamond_mine, nicolae_orc_damp_corner
Orc:2:    st_orc_ogre_mass, layout_caves, basic_altar

Skill      XL: |  1  2  3  4  5  6  7  8  9 10 11 12 13 14 15 16 |
---------------+-------------------------------------------------+-----
Long Blades    | 3 4 5 6 7 9 11 12 13 14 15 16 17 | 17.2
Fighting       | 3 4 5 7 8 9 10 11 | 11.3
Invocations    | 5 7 10 11 13 14 16 17 | 17.2
Armour         | 4 7 8 10 11 | 11.0
Dodging        | 4 5 |  5.3
Shields        | 3 7 10 12 | 12.3
Necromancy     | 2 5 |  5.7
Throwing       | |  1.7

Action                     |  1- 3 |  4- 6 |  7- 9 | 10-12 | 13-15 | 16-18 || total
---------------------------+-------+-------+-------+-------+-------+-------++-------
  Melee: Long sword        |    82 |   144 |   172 |   403 |   614 |       ||  1415
         Touch             |     8 |    19 |    36 |    81 |    42 |       ||   186
         Quick blade       |       |       |     5 |    15 |       |       ||    20
         Scimitar          |       |       |       |       |   450 |       ||   450
         Demon blade       |       |       |       |       |   146 |   526 ||   672
  Throw: Throwing net      |       |     1 |       |       |     1 |       ||     2
         Dart              |       |       |     3 |    11 |     2 |     3 ||    19
 Invoke: Grand Finale      |       |       |       |     2 |     1 |     3 ||     6
  Evoke: Wand              |       |     7 |     3 |     3 |     1 |     6 ||    20
    Use: Scroll            |     4 |     8 |     5 |     5 |    10 |     4 ||    36
         Potion            |       |       |     1 |     7 |     1 |     2 ||    11
   Stab: Paralysed         |       |       |     4 |    32 |   139 |    67 ||   242
         Invisible         |       |       |       |     3 |       |       ||     3
         Distracted        |       |       |       |       |     1 |       ||     1
         Held in net/web   |       |       |       |       |     3 |       ||     3
 Armour: Leather armour    |    47 |       |       |       |       |       ||    47
         Chain mail        |       |    83 |       |       |       |       ||    83
         Plate armour      |       |    51 |   160 |   380 |   874 |   399 ||  1864
  Dodge: Dodged            |    54 |    59 |    39 |    75 |   257 |   118 ||   602
  Block: Other             |       |       |       |    18 |    12 |       ||    30
         Kite shield       |       |       |       |       |   812 |   408 ||  1220

Table legend: (Time is in decaauts)
 A = Elapsed time spent in this place.
 B = Non-inter-level travel time spent in this place.
 C = Inter-level travel time spent in this place.
 D = Time resting spent in this place.
 E = Time spent auto-exploring this place.
 F = Levels seen in this place.
 G = Mean time per level.
                   A        B        C        D        E       F      G
               +--------+--------+--------+--------+--------+-----+--------+
         Total |  24471 |  23138 |   1333 |   1869 |  15940 |  29 |  843.8 |
       Dungeon |  15548 |  14720 |    828 |   1525 |  10662 |  15 | 1036.5 |
        Temple |     53 |      1 |     52 |      0 |      0 |   1 |   53.0 |
          Lair |   4553 |   4291 |    262 |    147 |   2961 |   5 |  910.6 |
        Shoals |   2395 |   2335 |     60 |    100 |   1605 |   4 |  598.8 |
  Orcish Mines |   1083 |    955 |    128 |     24 |    628 |   2 |  541.5 |
      Ice Cave |    333 |    333 |      0 |      0 |     51 |   1 |  333.0 |
      Gauntlet |    503 |    503 |      0 |     73 |     33 |   1 |  503.0 |
               +--------+--------+--------+--------+--------+-----+--------+

Top non-repeatable levels by time:
     D:9: 1697 daAuts
     D:8: 1657 daAuts
    D:12: 1313 daAuts
  Lair:5: 1260 daAuts
    D:11: 1257 daAuts
     D:6: 1165 daAuts
    D:13: 1138 daAuts
    D:15: 1072 daAuts
    D:10: 1054 daAuts
  Lair:4: 989 daAuts
     D:2: 898 daAuts
  Lair:3: 895 daAuts
     D:4: 836 daAuts
Shoals:1: 827 daAuts
     D:3: 823 daAuts
